Map: 블루시프트 - 래더

Players

Zest

  • Race: Protoss Protoss
  • League: Master
  • Spawn Location: 1:00

Solar - Winner!

  • Race: Zerg Zerg
  • League: Platinum
  • Spawn Location: 7:00

Event: HomeStory Cup XVIII

VOD

Have the link to the VOD?

Description

Time

  • Played on: Nov. 23, 2018, 3:39 p.m.
  • Length: 9:34

All games in this series

Show
View Real Time Build Order
Export as new Build Order

Zest Protoss 

Build Orders: 1 Gate Expand, Oracle Opening, Phoenix Opening, Archon Immortal, Archon Drop 

Get SALT Encoding   

  12  0:00  Probe  
  13  0:13  Probe  
  14  0:18  Pylon  
  14  0:24  Probe  
  15  0:32  Probe  
  15  0:38  Gateway  
  15  0:40  Probe  
  16  0:47  Assimilator  
  17  0:51  Probe  
  18  1:03  Probe  
  19  1:15  Probe  
  20  1:23  Nexus  
  20  1:33  Cybernetics Core  
  20  1:38  Probe  
  21  1:43  Assimilator  
  21  1:50  Probe  
  21  1:52  Pylon  
  22  2:01  Adept  
  22  2:02  Probe  
  23  2:14  Stargate  
  23  2:15  Probe  
  26  2:23  Warp Gate  
  26  2:27  Probe  
  26  2:28  Adept  
  29  2:32  Probe  
  30  2:39  Probe  
  30  2:41  Probe  
  31  2:49  Phoenix  
  31  2:50  Probe  
  32  2:51  Probe  
  36  3:02  Probe  
  36  3:03  Oracle, Probe  
  38  3:06  Pylon  
  38  3:14  Probe  
  38  3:15  Probe  
  41  3:25  Assimilator  
  41  3:26  Gateway, Probe  
  42  3:27  Probe  
  42  3:31  Assimilator  
  43  3:34  Probe  
  43  3:40  Probe  
  45  3:42  Probe  
  45  3:43  Robotics Facility  
  46  3:52  Pylon, Probe x2  
  48  4:01  Twilight Council  
  48  4:04  Probe  
  48  4:05  Probe  
  50  4:16  Probe  
  52  4:17  Probe  
  52  4:18  Gateway x2  
  52  4:19  Warp Prism  
  54  4:38  Templar Archives  
  54  4:41  Zealot, Adept  
  58  4:53  Pylon  
  58  4:55  Nexus  
  58  4:56  Observer  
  58  5:06  Probe x2  
  61  5:10  Pylon  
  61  5:14  High Templar x3  
  61  5:15  High Templar  
  61  5:18  Archon  
  61  5:19  Archon  
  69  5:25  Shield Battery  
  69  5:26  Immortal  
  69  5:28  Pylon  
  69  5:52  Probe x2  
  69  5:55  Gateway, Immortal  
  69  5:56  Gateway  
  71  5:57  Gateway, Sentry  
  71  5:58  Gateway, Sentry x2  
  81  6:16  Pylon  
  77  6:28  Stalker x4  
  77  6:31  Charge  
  85  6:34  Observer  
  85  6:44  Pylon  
  85  6:45  Pylon  
  86  6:50  Immortal  
  86  6:53  Zealot  
  86  6:54  Zealot x7  
  106  7:25  Immortal  
  106  7:28  Stalker x3  
  106  7:29  Stalker x3  
  90  7:58  Nexus  
  90  8:00  Pylon  
  90  8:01  Immortal  
  90  8:10  Sentry x3  
  100  8:15  Zealot  
  102  8:25  Pylon  
  102  8:32  Immortal  
  106  8:46  High Templar x2, Zealot x6  
  122  8:51  Archon  
  122  9:00  Pylon  
  122  9:02  Pylon  
  122  9:03  Pylon  
  122  9:04  Pylon  
  122  9:12  High Templar x2  
  122  9:13  Zealot x4  
  134  9:17  Archon  
Show
View Real Time Build Order
Export as new Build Order

Solar Zerg - Winner!

Build Orders: Hatch First 

Get SALT Encoding   

  12  0:01  Drone  
  13  0:13  Overlord  
  13  0:16  Drone  
  14  0:31  Drone  
  15  0:43  Hatchery  
  15  0:47  Drone  
  15  0:51  Drone  
  15  0:54  Drone  
  17  0:59  Drone  
  18  1:06  Extractor  
  17  1:16  Spawning Pool  
  17  1:18  Drone  
  17  1:21  Drone  
  18  1:30  Drone  
  19  1:41  Drone  
  20  1:52  Overlord  
  20  1:58  Drone  
  21  2:03  Queen x2  
  21  2:06  Zergling x4  
  27  2:10  Metabolic Boost  
  27  2:14  Drone  
  28  2:17  Drone  
  29  2:25  Drone  
  30  2:31  Drone  
  31  2:39  Hatchery  
  30  2:45  Queen  
  30  2:47  Zergling x2  
  33  2:52  Overlord  
  33  2:55  Drone  
  33  2:56  Drone  
  35  3:00  Drone  
  36  3:12  Drone x4  
  40  3:17  Drone x2  
  41  3:20  Overlord  
  41  3:23  Queen  
  43  3:27  Overlord  
  43  3:33  Spore Crawler  
  42  3:34  Drone  
  43  3:46  Drone x2  
  43  3:47  Drone x5  
  50  3:52  Spore Crawler  
  50  3:54  Queen  
  51  3:57  Drone x2  
  51  4:01  Drone  
  51  4:02  Drone  
  55  4:06  Overlord  
  55  4:08  Drone x2  
  56  4:10  Drone  
  57  4:18  Overlord  
  57  4:25  Drone x6  
  57  4:29  Lair  
  63  4:31  Zergling x4  
  63  4:35  Roach Warren  
  64  4:39  Extractor x2, Drone x2  
  64  4:42  Zergling x6  
  64  4:45  Zergling x2  
  68  4:48  Overlord  
  68  4:50  Overlord  
  68  4:51  Extractor  
  67  4:55  Overlord  
  67  4:58  Drone  
  68  5:00  Overlord  
  68  5:04  Overlord  
  68  5:06  Drone x2  
  70  5:07  Drone  
  71  5:16  Roach  
  71  5:17  Roach x4  
  71  5:20  Roach x3  
  87  5:25  Roach x2  
  87  5:28  Glial Reconstitution  
  90  5:29  Overlord  
  90  5:33  Roach  
  90  5:35  Overlord  
  91  5:39  Roach x3  
  91  5:41  Roach  
  94  5:43  Roach  
  94  5:46  Roach  
  94  5:48  Roach  
  97  5:50  Roach x2  
  97  5:53  Roach  
  97  5:55  Roach  
  107  5:57  Roach  
  107  5:58  Overlord  
  107  6:01  Roach  
  109  6:09  Overlord x2  
  109  6:16  Roach x4  
  117  6:21  Roach x2  
  121  6:28  Roach x2  
  121  6:29  Extractor  
  121  6:30  Hydralisk Den  
  121  6:31  Zergling x2  
  121  6:32  Zergling x6  
  127  6:35  Zergling x8  
  131  6:40  Overlord  
  131  6:46  Drone x2, Evolution Chamber  
  132  6:55  Drone x4  
  132  6:57  Drone  
  132  6:59  Drone  
  136  7:02  Drone  
  136  7:03  Overlord  
  136  7:06  Roach x3  
  136  7:07  Overlord  
  134  7:19  Hydralisk x5  
  144  7:25  Zerg Missile Weapons Level 1  
  144  7:28  Hydralisk x2  
  144  7:36  Hydralisk x2  
  143  7:37  Roach x2  
  143  7:39  Hydralisk  
  147  7:46  Hydralisk x2  
  129  7:52  Hydralisk x3  
  129  7:56  Hydralisk x2  
  129  8:02  Hydralisk x2  
  129  8:04  Roach  
  135  8:08  Grooved Spines  
  135  8:12  Ravager, Zergling x2  
  137  8:13  Zergling x8  
  137  8:18  Ravager  
  137  8:19  Overlord  
  142  8:25  Zergling x4  
  142  8:26  Zergling x4  
  146  8:35  Overlord  
  146  8:39  Hydralisk x2  
  150  8:42  Hydralisk  
  150  8:45  Hatchery  
  150  8:47  Hydralisk x2  
  155  8:52  Hydralisk x2  
  158  9:00  Hydralisk x3  
  164  9:04  Roach x2  
  164  9:08  Zergling x6  
  164  9:09  Ravager  
  171  9:11  Overlord  
  171  9:12  Roach  
Tags
 
Add a new tag
Caveats
  • Supply blocks, unpowered buildings, or Contaminate may cause inaccurate times.
  • Supply counts are checked every 10 seconds.